 Dungeon Crawl Stone Soup version 0.22.1-2-g9c5b331383 (webtiles) character file.

41 Pocketmage the Bolt Thrower (level 3, -6/35 HPs)
             Began as a Troll Hunter on Nov 30, 2018.
             Killed by divine providence
             ... invoked by an orc priest
              (10 damage)
             ... on level 2 of the Dungeon.
             The game lasted 00:03:58 (972 turns).

Pocketmage the Bolt Thrower (Troll Hunter)           Turns: 972, Time: 00:03:59

Health: -6/35      AC:  5    Str: 20    XL:     3   Next: 32%
Magic:  2/2        EV: 10    Int: 12    God:
Gold:   68         SH:  0    Dex: 11    Spells: 2/2 levels left

rFire    . . .     SeeInvis .   (no weapon)
rCold    . . .     Gourm    +   (no shield)
rNeg     . . .     Faith    .   c - +0 robe
rPois    .         Spirit   .   (helmet restricted)
rElec    .         Reflect  .   (no cloak)
rCorr    .         Harm     .   (gloves unavailable)
MR       .....                  (boots unavailable)
Stlth    +.........             (no amulet)
HPRegen  0.51/turn              (no ring)
MPRegen  0.08/turn              (no ring)

@: brilliant, lethally poisoned (-6 -> -9)
A: large, unfitting armour, claws 3, fast metabolism 3, gourmand, regeneration
1, shaggy fur 1, tough skin 2
a: no special abilities


You were on level 2 of the Dungeon.
You were completely stuffed.

You visited 1 branch of the dungeon, and saw 2 of its levels.

You collected 68 gold pieces.

Inventory:

Hand Weapons
 a - a +1 hand crossbow
Missiles
 d - 15 bolts
Armour
 c - a +0 robe (worn)
Scrolls
 e - a scroll of teleportation {unknown}
 g - a scroll of remove curse {unknown}
 h - a scroll of enchant armour {unknown}
 i - a scroll of identify {unknown}
 k - a scroll of fog {unknown}
Potions
 b - a potion of brilliance
 j - a potion of haste {unknown}
 l - a potion of curing {unknown}
Comestibles
 f - 3 rations
 m - a chunk of flesh


   Skills:
 + Level 2.0 Fighting
 * Level 3.0 Crossbows
 + Level 0.8 Armour
 + Level 1.9 Dodging
 - Level 0.3 Stealth
 + Level 0.3 Unarmed Combat


You had 2 spell levels left.
You didn't know any spells.
Your spell library was empty.

Dungeon Overview and Level Annotations

Branches:
Dungeon (2/15)

Altars:


Innate Abilities, Weirdness & Mutations

You are too large for most types of armour.
You have claws for hands.
Your metabolism is lightning-fast.
You like to eat raw meat.
Your natural rate of healing is unusually fast.
You are covered in fur. (AC +1)
You have very tough skin. (AC +2)


Message History

* * * LOW HITPOINT WARNING * * *
Found 2 black potions.
The adder bites you.
* * * LOW HITPOINT WARNING * * *
You are poisoned.
The adder poisons you!
You feel sick.
There is a stone staircase leading down here.
You are too injured to fight recklessly!
You are too injured to fight recklessly!
You closely miss the adder. The adder bites you.
* * * LOW HITPOINT WARNING * * *
You are more poisoned.
The adder poisons you!
It was a potion of brilliance.
You feel clever all of a sudden.
You feel sick. The adder bites you but does no damage.
The orc priest mumbles some strange prayers to Beogh against you.
Beogh smites you!
You die...

#.......##.## #............
#......###.#. ########## #...
...# ###### . #...## #.....
... ######## .....# #.###.
...##......##...!.# #.# #.
.........oS@.....# #.# #. ..
#..#.....o#......# #.# #. ...
#..#...o..#...#### #.# ##
...###.#...o..#...#########.#
.........######.............#
#......†# #.............#
#.......# #.............#
#...#..## ##...........## #..
#..#############......#


You could see 2 orc priests, an orc wizard, an adder and an orc.

Vanquished Creatures
  A gnoll (D:1)
  An adder (D:2)
  2 leopard geckos (D:1)
  2 orcs (D:2)
  2 bats (D:1)
  4 goblins (D:1)
  A hobgoblin (D:1)
  A ball python (D:1)
  2 frilled lizards (D:1)
  2 kobolds (D:1)
  3 rats
21 creatures vanquished.

Notes
Turn   | Place    | Note
-------+----------+-------------------------------------------
     0 | D:1      | Pocketmage the Troll Hunter began the quest for the Orb.
     0 | D:1      | Reached XP level 1. HP: 19/19 MP: 0/0
   445 | D:1      | Reached XP level 2. HP: 28/28 MP: 1/1
   877 | D:2      | Reached skill level 3 in Crossbows
   877 | D:2      | Reached XP level 3. HP: 33/35 MP: 2/2
   972 | D:2      | Killed from afar by an orc priest

Skill      XL: |  1  2  3 |
---------------+----------+-----
Crossbows      | 3 |  3.0
Fighting       | 2 |  2.0
Armour         | |  0.8
Dodging        | |  1.9
Stealth        | |  0.3
Unarmed Combat | |  0.3

Action                   || total
-------------------------++-------
Melee: Unarmed           ||    18
 Fire: Hand crossbow     ||    26
  Use: Potion            ||     1
  Eat: Chunk             ||    14
Armor: Robe              ||     4
Dodge: Dodged            ||     8
